 Dungeon Crawl Stone Soup version 0.31-a0-208-gdb31a4691d (webtiles) character file.

Game seed: 5137481467140043269

116 zazu2006 the Thrower (level 5, -7/37 HPs)
             Began as a Gnoll Wanderer on June 28, 2023.
             Mangled by Sigmund
             ... wielding a +0 scythe
              (12 damage)
             ... on level 3 of the Dungeon.
             The game lasted 00:05:40 (2285 turns).

zazu2006 the Thrower (Gnoll Wanderer)               Turns: 2285, Time: 00:05:41

Health: -7/37      AC:  2    Str: 12    XL:     5   Next: 0%
Magic:  18/18      EV: 12    Int: 11    God:
Gold:   130        SH:  0    Dex: 13    Spells: 9/10 levels left

rFire   + . .        v - +2 whip (venom)
rCold   . . .        (no shield)
rNeg    . . .        e - +0 robe
rPois   .            (no helmet)
rElec   .            (no cloak)
rCorr   .            (no gloves)
SInv    .            (no boots)
Will    .....        (no amulet)
Stlth   ++           k - ring of magical power
HPRegen 0.26/turn    s - ring of protection from fire
MPRegen 0.16/turn

%: no passive effects
@: mighty, brilliant
A: fangs 1, strong nose, distributed training
a: no special abilities


You were on level 3 of the Dungeon.
You visited 1 branch of the dungeon, and saw 3 of its levels.

You collected 130 gold pieces.

Inventory:

Hand Weapons
 c - a +0 dagger
 t - a +1 dagger of holy wrath
 v - a +2 whip of venom (weapon)
Missiles
 b - 8 boomerangs (quivered)
 n - 2 javelins
 o - 8 poisoned darts
Armour
 e - a +0 robe (worn)
Magical Staves
 f - a staff of earth
Jewellery
 k - a ring of magical power (left hand)
 s - a ring of protection from fire (right hand)
Scrolls
 d - 3 scrolls of teleportation
 h - 2 scrolls of revelation {unknown}
 i - a scroll of blinking {unknown}
 j - a scroll of noise {unknown}
 l - 2 scrolls of silence {unknown}
 m - 5 scrolls of identify {unknown}
 q - a scroll of torment {unknown}
Potions
 g - a potion of brilliance
 r - a potion of degeneration {unknown}
 u - a potion of curing {unknown}
 w - a potion of invisibility {unknown}
 x - 2 potions of haste {unknown}


   Skills:
 + Level 1.3 Fighting
 + Level 1.3 Short Blades
 + Level 1.3 Long Blades
 + Level 1.3 Axes
 + Level 6.6 Maces & Flails
 + Level 1.3 Polearms
 + Level 1.3 Staves
 + Level 1.3 Ranged Weapons
 + Level 8.6 Throwing
 + Level 1.3 Armour
 + Level 1.3 Dodging
 + Level 2.7 Stealth
 + Level 1.3 Shields
 + Level 1.3 Unarmed Combat
 + Level 3.1 Spellcasting
 + Level 1.1 Conjurations
 + Level 1.1 Hexes
 + Level 2.3 Summonings
 + Level 1.1 Necromancy
 + Level 1.1 Translocations
 + Level 1.1 Transmutations
 + Level 1.1 Fire Magic
 + Level 1.1 Ice Magic
 + Level 1.1 Air Magic
 + Level 1.1 Earth Magic
 + Level 1.1 Poison Magic
 + Level 1.5 Invocations
 + Level 1.3 Evocations


You had 9 spell levels left.
You knew the following spells:

 Your Spells              Type           Power      Damage    Failure   Level
a - Summon Small Mammal   Summ           40%        N/A       10%         1

Your spell library contained the following spells:

 Spells                   Type           Power      Damage    Failure   Level
 Beastly Appendage        Tmut           12%        N/A       17%         1
 Wereblood                Tmut           6%         N/A       26%         2
 Call Canine Familiar     Summ           10%        N/A       30%         3
 Spider Form              Tmut/Pois      6%         N/A       45%         3
 Summon Forest            Summ/Tloc      4%         N/A       98%         5
 Eringya's Noxious Bog    Tmut/Pois      3%         N/A       100%        6
 Summon Hydra             Summ           5%         N/A       100%        7


Dungeon Overview and Level Annotations

Branches:
Dungeon (3/15)

Altars:
Qazlal

Annotations:
D:3 Sigmund


Innate Abilities, Weirdness & Mutations

You have very sharp teeth.
Your uncanny sense of smell can sniff out nearby items.
Your experience applies equally to all skills.


Message History

The hobgoblin misses you.
You barely miss the hobgoblin.
The hobgoblin is almost dead.
You barely miss the hobgoblin.
The hobgoblin is almost dead.
The hobgoblin barely misses you.
You hit the hobgoblin.
You kill the hobgoblin!
You have reached level 5!
Found a stone staircase leading up.
A jelly comes into view.
Found an escape hatch in the floor.
A jelly is nearby!
A jelly is nearby!
Sigmund the Dreaded comes into view.
He is wielding a +0 scythe.
Sigmund moves out of view.
Sigmund gestures wildly while chanting.
Sigmund flickers and vanishes!
Deactivating autopickup; reactivate with Ctrl-A.
A magic dart appears from out of thin air!
The magic dart hits you. Something hits you!
You miss something. Something hits you.
You completely miss something. Something hits you.
You hit something. You hit something.
You hear some strange, mumbled words.
Something tries to affect you, but you resist.
You closely miss something. You hit something.
Something hits you but does no damage.
You completely miss something. You bite something. Something hits you!
* * * LOW HITPOINT WARNING * * *
It was a potion of brilliance.
You feel clever all of a sudden.
It was a potion of magic.
Magic courses through your body. Something hits you.
* * * LOW HITPOINT WARNING * * *
It was a potion of might.
You feel very mighty all of a sudden. Something hits you!
You die...

#.....>..... # #.....J.....
.. #...........
#.#...........
......#.#####.# .#.##.#.##
#.# #.......####.#
#........{.#.# ...
#.......##@#.# ..########
#.......##.#.####...##.....
#.##....<#.#.#...#..##.....
#...######..........##.....
#... ###.#......##.....
#... ###.#......#####.. #.
#..........# #..
#.#.##.....# #..
#.#.##.....# ###


There were no monsters in sight!

Vanquished Creatures
  A gnoll (D:1)
  4 adders
  A worm (D:2)
  2 dart slugs (D:1)
  2 orcs (D:3)
  6 ball pythons
  4 endoplasms
  3 giant cockroaches
  6 goblins
  6 hobgoblins
  5 kobolds
  2 quokkas (D:1)
  4 bats
  3 frilled lizards
  7 rats
56 creatures vanquished.

Vanquished Creatures (collateral kills)
  A goblin (D:1)
  2 rats (D:1)
3 creatures vanquished.

Grand Total: 59 creatures vanquished

Notes
Turn   | Place    | Note
-------+----------+-------------------------------------------
     0 | D:1      | zazu2006 the Gnoll Wanderer began the quest for the Orb.
     0 | D:1      | zazu2006 set off with the following items: a +2 mace, 8
                  | boomerangs, a +0 dagger, a scroll of teleportation, a +0
                  | robe; and the following spell memorised: Summon Small
                  | Mammal; and the following spells available to memorise:
                  | Call Canine Familiar.
     0 | D:1      | Reached XP level 1. HP: 13/13 MP: 4/4
   264 | D:1      | Reached XP level 2. HP: 17/20 MP: 3/5
   426 | D:1      | Reached XP level 3. HP: 7/25 MP: 5/7
   747 | D:1      | Reached skill level 1 in Invocations
  1118 | D:2      | Reached skill level 1 in Fighting
  1118 | D:2      | Reached skill level 1 in Short Blades
  1118 | D:2      | Reached skill level 1 in Long Blades
  1118 | D:2      | Reached skill level 1 in Axes
  1118 | D:2      | Reached skill level 1 in Polearms
  1118 | D:2      | Reached skill level 1 in Staves
  1118 | D:2      | Reached skill level 1 in Ranged Weapons
  1118 | D:2      | Reached skill level 1 in Armour
  1118 | D:2      | Reached skill level 1 in Dodging
  1118 | D:2      | Reached skill level 1 in Shields
  1118 | D:2      | Reached skill level 1 in Unarmed Combat
  1118 | D:2      | Reached skill level 1 in Evocations
  1225 | D:2      | Reached XP level 4. HP: 32/32 MP: 8/8
  1598 | D:2      | Reached skill level 1 in Conjurations
  1598 | D:2      | Reached skill level 1 in Hexes
  1598 | D:2      | Reached skill level 1 in Necromancy
  1598 | D:2      | Reached skill level 1 in Translocations
  1598 | D:2      | Reached skill level 1 in Transmutations
  1598 | D:2      | Reached skill level 1 in Fire Magic
  1598 | D:2      | Reached skill level 1 in Ice Magic
  1598 | D:2      | Reached skill level 1 in Air Magic
  1598 | D:2      | Reached skill level 1 in Earth Magic
  1598 | D:2      | Reached skill level 1 in Poison Magic
  2056 | D:3      | Found a faded altar of an unknown god.
  2070 | D:3      | Found a stormy altar of Qazlal.
  2229 | D:3      | Reached XP level 5. HP: 34/37 MP: 9/9
  2262 | D:3      | Noticed Sigmund
  2285 | D:3      | Mangled by Sigmund

Illustrated notes

Levels and vault maps discovered:
D:1:      nzn_arrival_water_spiral, layout_loops_cross,
          wad_floor_pattern_untrapped, minmay_misc_feat_rows
D:2:      layout_loops_ring
D:3:      layout_basic, mainiacjoe_overflow_brackets,
          hellmonk_ecumenical_altar_defaced_shrine, minmay_circle_x,
          uniq_sigmund, uniq_grinder

Skill      XL: |  1  2  3  4 |
---------------+-------------+-----
Summonings     | 2 |  2.3
Invocations    | 1 |  1.5
Fighting       | 1 |  1.3
Short Blades   | 1 |  1.3
Long Blades    | 1 |  1.3
Axes           | 1 |  1.3
Polearms       | 1 |  1.3
Staves         | 1 |  1.3
Ranged Weapons | 1 |  1.3
Armour         | 1 |  1.3
Dodging        | 1 |  1.3
Shields        | 1 |  1.3
Unarmed Combat | 1 |  1.3
Evocations     | 1 |  1.3
Spellcasting   | 3 |  3.1
Conjurations   | 1 |  1.1
Hexes          | 1 |  1.1
Necromancy     | 1 |  1.1
Translocations | 1 |  1.1
Transmutations | 1 |  1.1
Fire Magic     | 1 |  1.1
Ice Magic      | 1 |  1.1
Air Magic      | 1 |  1.1
Earth Magic    | 1 |  1.1
Poison Magic   | 1 |  1.1
Maces & Flails | |  6.6
Throwing       | |  8.6
Stealth        | |  2.7

Action                     |  1- 3 |  4- 6 || total
---------------------------+-------+-------++-------
  Melee: Mace              |    53 |    17 ||    70
         Bite              |     6 |     6 ||    12
         Whip              |       |    33 ||    33
         Punch             |       |     1 ||     1
  Throw: Boomerang         |    35 |    34 ||    69
         Dart              |       |     5 ||     5
   Cast: Summon Small Mamm |    20 |     1 ||    21
    Use: Potion            |       |     3 ||     3
   Stab: Distracted        |     1 |       ||     1
 Armour: Robe              |     9 |     6 ||    15
  Dodge: Dodged            |    32 |    25 ||    57

Table legend: (Time is in decaauts)
 A = Elapsed time spent in this place.
 B = Non-inter-level travel time spent in this place.
 C = Inter-level travel time spent in this place.
 D = Time resting spent in this place.
 E = Time spent auto-exploring this place.
 F = Levels seen in this place.
 G = Mean time per level.
                   A        B        C        D        E       F      G
               +--------+--------+--------+--------+--------+-----+--------+
         Total |   2271 |   2141 |    130 |      0 |   1738 |   3 |  757.0 |
       Dungeon |   2271 |   2141 |    130 |      0 |   1738 |   3 |  757.0 |
               +--------+--------+--------+--------+--------+-----+--------+

Top non-repeatable levels by time:
     D:1: 1005 daAuts
     D:2: 743 daAuts
     D:3: 522 daAuts
